 Seeded DCSS version 0.31-a0-196-g86fe4a5e66 (webtiles) character file.

Game seed: 16645731211536323734 (custom seed)

4411 innerfire43 the Cleaver (level 10, -1/118 HPs)
             Began as a Demonspawn Monk on June 24, 2023.
             Was an Initiate of Yredelemnul.
             Succumbed to Erica's bolt of poison
             ... on level 8 of the Dungeon.
             The game lasted 00:07:55 (6190 turns).

innerfire43 the Cleaver (Demonspawn Monk)           Turns: 6190, Time: 00:07:55

Health: -1/118     AC: 29    Str: 15    XL:     10   Next: 14%
Magic:  10/10      EV:  9    Int: 13    God:    Yredelemnul [......]
Gold:   378        SH:  0    Dex: 19    Spells: 9/9 levels left

rFire   . . .        y - +2 hand axe (elec)
rCold   . . .        d - orb {light}
rNeg    . . .        q - +18 Lear's hauberk
rPois   .            (helmet currently unavailable)
rElec   .            (no cloak)
rCorr   .            (gloves currently unavailable)
SInv    .            (boots currently unavailable)
Will    +....        (no amulet) Stlth
                     (no ring)
HPRegen 0.39/turn    (no ring)
MPRegen 0.12/turn

%: no passive effects
@: berserking, lethally poisoned (-1 -> -6), attractive, enlightened, flying,
hasted and slowed, glowing
A: thin skeletal structure 2, foul stench 1, powered by pain 2, weakness stinger
2
a: Renounce Religion, Recall Undead Harvest


You were on level 8 of the Dungeon.
You worshipped Yredelemnul.
Yredelemnul was noncommittal.
You visited 1 branch of the dungeon, and saw 8 of its levels.

You collected 378 gold pieces.

Inventory:

Hand Weapons
 a - a +0 hand axe
 m - a +1 heavy sling
 w - a +1 war axe of draining
 y - a +2 hand axe of electrocution (weapon)
 B - a +1 halberd of flaming
 F - a +3 hand axe
 G - a +2 hand axe of freezing
Missiles
 H - 13 poisoned darts
Armour
 b - a +0 robe
 d - an orb of light (worn)
 q - the +18 Lear's hauberk (worn)
   (You found it on level 2 of the Dungeon)
 s - a +0 buckler
Jewellery
 u - an amulet of regeneration
Wands
 A - a wand of roots (7)
Scrolls
 f - 4 scrolls of fog {unknown}
 g - a scroll of noise {unknown}
 i - 3 scrolls of teleportation
 j - a scroll of enchant weapon {unknown}
 p - 2 scrolls of enchant armour {unknown}
 t - 2 scrolls of vulnerability
 x - a scroll of summoning
 z - a scroll of poison
Potions
 c - 2 potions of ambrosia
 e - 3 potions of lignification {unknown}
 h - a potion of cancellation {unknown}
 k - a potion of curing {unknown}
 l - a potion of might {unknown}
 n - a potion of heal wounds {unknown}
 r - a potion of berserk rage
 C - 2 potions of invisibility {unknown}
 E - a potion of mutation {unknown}


   Skills:
 + Level 7.3 Fighting
 * Level 9.0 Axes
 * Level 8.5 Armour
 - Level 2.9 Dodging


You had 9 spell levels left.
You didn't know any spells.
Your spell library contained the following spells:

 Spells                   Type           Power      Damage    Failure   Level
 Apportation              Tloc           0%         N/A       97%         1
 Magic Dart               Conj           0%         1d3       97%         1
 Necrotise                Necr           0%         1d4       97%         1
 Sting                    Tmut/Pois      0%         1d3       97%         1
 Summon Small Mammal      Summ           0%         N/A       97%         1
 Call Imp                 Summ           0%         N/A       99%         2
 Cigotuvi's Dreadful Rot  Necr/Pois/Air  0%         N/A       99%         2
 Poisonous Vapours        Pois/Air       0%         N/A       99%         2
 Ignite Poison            Fire/Tmut/Pois 0%         N/A       100%        3
 Mephitic Cloud           Conj/Pois/Air  0%         N/A       100%        3
 Stone Arrow              Conj/Erth      0%         3d7       100%        3
 Animate Armour           Summ/Erth      0%         N/A       100%        4
 Olgreb's Toxic Radiance  Pois           0%         N/A       100%        4
 Freezing Cloud           Conj/Ice/Air   0%         6-21      100%        5
 Borgnjor's Revivificati  Necr           0%         N/A       100%        8
 Lehudib's Crystal Spear  Conj/Erth      0%         10d2      100%        8
 Necromutation            Tmut/Necr      0%         N/A       100%        8
 Death's Door             Necr           0%         N/A       100%        9


Dungeon Overview and Level Annotations

Branches:
Dungeon (8/15)             Temple (0/1) D:5
   Lair: D:8-11

Altars:
Ashenzari
Kikubaaqudgha
Qazlal
Uskayaw
Vehumet
Xom
Yredelemnul

Shops:
D:4 !

Annotations:
D:8 Erica


Innate Abilities, Weirdness & Mutations

You have a moderately thin skeletal structure. (Dex +4, Stealth++)
You may rarely emit foul miasma when damaged in melee.
You sometimes gain power by taking damage.
You have a tail ending in a sharp stinger.


Message History

You feel extremely sick. Erica gestures at you while chanting.
You feel yourself slow down.
The howler monkey hoots and howls with incredible vigour! x2
You are too injured to fight recklessly!
It was a potion of attraction.
You feel attractive to monsters.
* * * LOW HITPOINT WARNING * * *
You feel extremely sick.
The bullfrog snags a nearby small bird with its tongue.
Erica hits you but does no damage.
The howler monkey hoots and howls with incredible vigour!
Erica hits you with a +2 scimitar of flaming.
* * * LOW HITPOINT WARNING * * *
Erica burns you.
* * * LOW HITPOINT WARNING * * *
You emit a cloud of foul miasma!
It was a potion of haste.
You feel yourself speed up.
* * * LOW HITPOINT WARNING * * *
You feel very sick.
Erica is engulfed in dark miasma.
Erica is poisoned.
Erica seems to slow down.
Erica hits you but does no damage.
It was a potion of berserk rage.
A red film seems to cover your vision as you go berserk!
You feel yourself moving faster!
You feel mighty!
* * * LOW HITPOINT WARNING * * *
You feel very sick.
Erica is no longer moving slowly.
Erica is engulfed in dark miasma.
Erica looks even sicker.
Erica says, "Fast and perfect.
Such is my way of killing."
Erica hits you but does no damage.
You are too berserk!
You feel a strong urge to attack something.
* * * LOW HITPOINT WARNING * * *
You feel sick.
Erica is engulfed in dark miasma.
Erica looks even sicker.
Erica seems to slow down.
The yak is attracted toward you. The wyvern is attracted toward you.
The bullfrog is attracted toward you. Something is attracted toward you.
You die...
Your body rises from the dead as a mindless zombie. #...... #...... #.....Z #....Z. ########.##Z## #.ZZZ.ZZZ##Z#

#
######Z######.ZZ.#
#[ #....#.# #..###
#.. #.@..#.# #..#
#..h####....#.#
#..#
#.hFFlY@......#
#..#
#..Y#####....###
#..# #.. #....#
..## . #....# .##
#....# .. ######


You could see Erica (invisible, very poisoned, slow) and a yak.

Vanquished Creatures
  The ghost of Palms the Cleaver, a novice HOFi (D:6)
  Maggie (D:7)
  Sigmund (D:3)
  4 yaks (D:8)
  A steam dragon (D:7)
  2 water moccasins
  3 black bears
  2 ice beasts
  An orc warrior (D:6)
  A sky beast (D:7)
  2 centaurs
  2 phantoms
  2 bullfrogs (D:7)
  4 kobold brigands
  4 killer bees (D:7)
  3 hounds
  4 orc priests
  A gnoll bouda (D:6)
  A jelly (D:7)
  4 orc wizards
  3 sleepcaps
  3 iguanas
  Robin (D:3)
  3 gnolls (D:6)
  4 adders
  A white imp (D:6)
  An ufetubus (D:6)
  5 worms
  3 dart slugs
  20 orcs
  5 ball pythons
  9 endoplasms
  5 giant cockroaches
  17 goblins
  3 hobgoblins
  4 jackals (D:1)
  9 quokkas
  6 bats
  A frilled lizard (D:1)
  20 kobolds
  9 rats
176 creatures vanquished.

Vanquished Creatures (collateral kills)
  A yak (D:8)
  A bullfrog (D:7)
  A killer bee (D:7)
  An orc priest (D:7)
  An orc (D:7)
  An endoplasm (D:3)
  3 kobolds (D:8)
9 creatures vanquished.

Vanquished Creatures (others)
  3 yak zombies (D:8)
  A killer bee zombie (D:7)
  A steam dragon zombie (D:7)
  A bat zombie (D:3)
  7 kobold zombies
  3 orc zombies
  A spectral ufetubus (D:6)
17 creatures vanquished.

Grand Total: 202 creatures vanquished

Notes
Turn   | Place    | Note
-------+----------+-------------------------------------------
     0 | D:1      | innerfire43 the Demonspawn Monk began the quest for the
                  | Orb.
     0 | D:1      | Reached XP level 1. HP: 18/18 MP: 1/1
   131 | D:1      | Gained mutation: You have a small tail. [demonic ancestry]
   131 | D:1      | Reached XP level 2. HP: 19/24 MP: 2/2
   164 | D:1      | Reached skill level 3 in Axes
   673 | D:2      | Reached XP level 3. HP: 29/29 MP: 3/3
   695 | D:2      | Reached skill level 1 in Armour
  1148 | D:2      | Found the +18 Lear's hauberk
  1454 | D:2      | Found a faded altar of an unknown god.
  1701 | D:2      | Prayed at the altar of an unknown god.
  1701 | D:2      | Became a worshipper of Yredelemnul the Dark
  1701 | D:2      | Reached * piety under Yredelemnul
  1817 | D:3      | Gained mutation: You sometimes gain a little power by
                  | taking damage. [demonic ancestry]
  1817 | D:3      | Reached XP level 4. HP: 35/35 MP: 4/4
  1947 | D:3      | Noticed Robin
  1959 | D:3      | Killed Robin
  2095 | D:3      | Noticed Sigmund
  2115 | D:3      | Killed Sigmund
  2116 | D:3      | Reached skill level 4 in Axes
  2116 | D:3      | Gained mutation: You may rarely emit foul miasma when
                  | damaged in melee. [demonic ancestry]
  2116 | D:3      | Reached XP level 5. HP: 42/42 MP: 5/5
  2180 | D:3      | Reached XP level 6. HP: 48/48 MP: 6/6
  2294 | D:3      | Reached ** piety under Yredelemnul
  2587 | D:3      | Reached *** piety under Yredelemnul
  2717 | D:4      | Found a broken altar of Ashenzari.
  2800 | D:4      | Found Simnosty's Distillery.
  3032 | D:4      | Found a shimmering altar of Xom.
  3033 | D:4      | You fall into a shaft and drop 3 floors!
  3059 | D:7      | Found a hide-covered altar of Uskayaw.
  3061 | D:7      | Noticed a steam dragon
  3072 | D:7      | Killed a steam dragon
  3130 | D:7      | Reached skill level 5 in Axes
  3130 | D:7      | Gained mutation: You have a somewhat thin skeletal
                  | structure. (Dex +2, Stealth+) [demonic ancestry]
  3130 | D:7      | Reached XP level 7. HP: 54/55 MP: 7/7
  3363 | D:7      | Reached skill level 5 in Fighting
  3468 | D:7      | Reached **** piety under Yredelemnul
  3469 | D:7      | Reached skill level 5 in Armour
  3469 | D:7      | Gained mutation: You have a tail ending in a sharp stinger.
                  | [demonic ancestry]
  3469 | D:7      | Reached XP level 8. HP: 62/62 MP: 8/8
  3478 | D:7      | Reached ***** piety under Yredelemnul
  3479 | D:7      | Reached skill level 6 in Axes
  3741 | D:7      | Noticed Maggie
  3755 | D:7      | Killed Maggie
  3926 | D:7      | Found an ancient bone altar of Kikubaaqudgha.
  4161 | D:6      | Reached skill level 7 in Axes
  4203 | D:6      | Gained mutation: You sometimes gain power by taking damage.
                  | [demonic ancestry]
  4203 | D:6      | Reached XP level 9. HP: 69/69 MP: 9/9
  4276 | D:6      | Found a large runed translucent door.
  4276 | D:6      | Found a large runed translucent door.
  4280 | D:6      | Noticed Palms's ghost (novice HOFi)
  4911 | D:6      | Killed Palms's ghost
  4912 | D:6      | Reached skill level 8 in Axes
  4962 | D:5      | Entered Level 5 of the Dungeon
  4965 | D:5      | Found a stormy altar of Qazlal.
  5009 | D:5      | Found a radiant altar of Vehumet.
  5016 | D:5      | Found a staircase to the Ecumenical Temple.
  5646 | D:5      | Found a basalt altar of Yredelemnul.
  6119 | D:8      | Noticed Erica
  6127 | D:8      | Gained mutation: You have a moderately thin skeletal
                  | structure. (Dex +4, Stealth++) [demonic ancestry]
  6127 | D:8      | Reached XP level 10. HP: 69/79 MP: 10/10
  6159 | D:8      | Reached skill level 9 in Axes
  6187 | D:8      | HP: 3/79 [poisoned by Erica (bolt of poison)]
  6189 | D:8      | HP: 1/118 [poisoned by Erica (bolt of poison)]
  6190 | D:8      | Succumbed to Erica's bolt of poison

Illustrated notes

Levels and vault maps discovered:
D:1:      dpeg_arrival_orchard, layout_rooms
D:2:      minmay_wonky_spiral, layout_basic,
          hellmonk_ecumenical_altar_inner_sanctum, grunt_ministairs_10
D:3:      layout_loops_ring, gup_sewer_entry_spiral, uniq_sigmund, uniq_robin
D:4:      layout_rooms, mainiacjoe_overflow_alcove_2,
          cheibrodos_ashenzari_chains, serial_shops, shop
D:5:      layout_loops_ring, kennysheep_ying_yang,
          nicolae_overflow_hidden_temple, lemuel_round_altar, temple_pool_b
D:6:      layout_loops_ring, ebering_ghost_disaster_area
D:7:      layout_gridville, grunt_temple_overflow_open, uniq_maggie
D:8:      layout_basic, mainiacjoe_overflow_24_doors, david_lair_generic,
          minmay_misc_feat_cross, uniq_erica

Skill      XL: |  1  2  3  4  5  6  7  8  9 10 |
---------------+-------------------------------+-----
Axes           | 3 4 5 7 8 9 |  9.0
Armour         | 1 3 5 6 8 |  8.5
Fighting       | 4 5 6 7 |  7.3
Dodging        | |  2.9

Action                     |  1- 3 |  4- 6 |  7- 9 | 10-12 || total
---------------------------+-------+-------+-------+-------++-------
  Melee: Hand axe          |    95 |    65 |   224 |    27 ||   411
         Tailslap          |    16 |    15 |    48 |     5 ||    84
         War axe           |       |    46 |       |       ||    46
    Use: Scroll            |       |       |     4 |       ||     4
         Potion            |       |       |       |     4 ||     4
   Stab: Distracted        |       |     1 |     2 |       ||     3
 Armour: Robe              |    12 |       |       |       ||    12
         Chain mail        |    18 |    77 |   154 |    17 ||   266
  Dodge: Dodged            |    57 |    42 |    72 |     9 ||   180

Table legend: (Time is in decaauts)
 A = Elapsed time spent in this place.
 B = Non-inter-level travel time spent in this place.
 C = Inter-level travel time spent in this place.
 D = Time resting spent in this place.
 E = Time spent auto-exploring this place.
 F = Levels seen in this place.
 G = Mean time per level.
                   A        B        C        D        E       F      G
               +--------+--------+--------+--------+--------+-----+--------+
         Total |   6245 |   5843 |    402 |      0 |   4772 |   8 |  780.6 |
       Dungeon |   6245 |   5843 |    402 |      0 |   4772 |   8 |  780.6 |
               +--------+--------+--------+--------+--------+-----+--------+

Top non-repeatable levels by time:
     D:2: 1245 daAuts
     D:7: 1072 daAuts
     D:6: 928 daAuts
     D:3: 898 daAuts
     D:5: 835 daAuts
     D:1: 578 daAuts
     D:4: 378 daAuts
     D:8: 309 daAuts
